Cogmind - Beta 13 @@@ ROGUE MODE // 2024.04.29 @ 12:11:18 Player: Lunace Result: Destroyed by as-05106 with Assembled Rifle Performance ------------- Evolutions (0) 0 Regions Visited (2) 400 Robots Destroyed (18) 90 Value Destroyed (221) 221 Prototype IDs (0) 0 Alien Tech Used (0) 0 Bonus (0) 0 TOTAL SCORE: 711 Bonus ------- None Cogmind --------- Core Integrity 0/250 Matter 275/300 Energy 79/100 System Corruption 9% Temperature Cool (0) Movement Core (50) Location -10/Mines Parts ------- > --- POWER (1) -------- (None) > --- PROPULSION (2) --- Flexi-carbon Leg > --- UTILITY (2) ------ Launcher Guidance Computer > --- WEAPON (2) ------- (None) > --- INVENTORY (5) ---- Light Ion Engine Combat Airjet Combat Airjet Structural Scanner Bore Cannon Peak State ------------ > --- POWER ------------ (None) > --- PROPULSION ------- Flexi-carbon Leg > --- UTILITY ---------- Launcher Guidance Computer > --- WEAPON ----------- (None) > --- INVENTORY -------- Light Ion Engine Combat Airjet Structural Scanner Bore Cannon [Rating: 10] Favorites ----------- Power Ion Engine Engine Ion Engine Propulsion Light Treads Treads Light Treads Leg Flexi-carbon Leg Utility Medium Storage Unit Device Structural Scanner Storage Medium Storage Unit Processor Transport Network Coupler Protection Light Armor Plating Weapon Assault Rifle Ballistic Gun Assault Rifle Build | -11 -10 -10 ------- Run | Yrd Mat Min Slots Evolved . | . . . Power . | . . . Propulsion . | . . . Utility . | . . . Weapon . | . . . Parts Attached 23 | 8 11 4 Power 5 | 2 2 1 Engine 5 | 2 2 1 Core . | . . . Reactor . | . . . Propulsion 7 | 2 4 1 Treads 6 | 2 4 . Leg 1 | . . 1 Wheel . | . . . Hover . | . . . Flight . | . . . Utility 8 | 2 4 2 Device 2 | 1 1 . Storage 3 | 1 2 . Processor 2 | . 1 1 Hackware . | . . . Protection 1 | . . 1 Artifact . | . . . Weapon 3 | 2 1 . Energy Gun . | . . . Energy Cannon . | . . . Ballistic Gun 3 | 2 1 . Ballistic Cannon . | . . . Launcher . | . . . Special Weapon . | . . . Impact Weapon . | . . . Slashing Weapon . | . . . Piercing Weapon . | . . . Special Melee Weapon . | . . . Unidentified Prototypes . | . . . Parts Lost 7 | . . 7 Power 1 | . . 1 Propulsion 2 | . . 2 Utility 2 | . . 2 Weapon 2 | . . 2 Highest Loss Streak 7 | . . 7 To Critical Strikes . | . . . Average Slot Usage (%) 98 | . 99 95 Engine 13 | . 14 12 Treads 27 | . 28 27 Device 9 | . 7 13 Storage 13 | . 14 13 Processor 4 | . 6 . Ballistic Gun 27 | . 27 27 Naked Turns . | . . . Heaviest Build 20 | 15 20 20 Greatest Support 40 | 40 40 40 Greatest Overweight (x) 2 | 2 . . Average Overweight (x) . | . . . Largest Inventory Capacity 10 | 8 10 10 Average Capacity 9 | 7 9 9 Most Carried 10 | 2 10 10 Average Carried 7 | 1 7 8 Final Capacity 10 | 8 10 5 Final Carried 8 | 2 8 5 Class Distribution -------------------- 100% | Mutant Dominant Class ---------------- Mutant | -10/Materials Mutant | -10/Mines Resources | -11 -10 -10 ----------- Run | Yrd Mat Min Matter Collected 750 | 216 431 103 Remotely . | . . . Salvage Created 472 | 21 412 39 Parts 32 | 4 25 3 Haulers Intercepted 2 | . 2 . Recyclers Shooed . | . . . Parts Field Recycled . | . . . Retrieved Matter . | . . . Parts Self-Destructed . | . . . Prevented . | . . . Kills | -11 -10 -10 ------- Run | Yrd Mat Min Combat Hostiles Destroyed 11 | . 8 3 Guns 11 | . 8 3 Classes Destroyed 7 | 1 6 . Worker 1 | . 1 . Tunneler 1 | 1 . . Hauler 2 | . 2 . Recycler 1 | . 1 . Watcher 2 | . 2 . Swarmer 9 | . 6 3 Grunt 2 | . 2 . Best Kill Streak 6 | 1 6 3 Combat Bots Only 3 | . 3 3 Max Kills in Single Turn 1 | 1 1 1 Gunslinging . | . . . Exploded . | . . . Melee . | . . . Uniques/NPCs Destroyed . | . . . Combat | -11 -10 -10 -------- Run | Yrd Mat Min Hostile Shots Fired 166 | . 75 91 Missed 51 | . 21 30 Damage Taken 1388 | . 530 858 Core 251 | . 48 203 Absorbed by Shields . | . . . Regen/Repaired (Parts) 81 | . 81 . Core Remaining (%) 100 | 100 . . Volleys Fired 56 | 3 43 10 Largest 2 | 2 2 2 Hottest 40 | 40 40 40 Shots Fired 113 | 6 87 20 Gun 113 | 6 87 20 Cannon . | . . . Launcher . | . . . Special . | . . . Kinetic 113 | 6 87 20 Thermal . | . . . Explosive . | . . . Electromagnetic . | . . . Robot Hit Streak 8 | 4 8 2 Robot Miss Streak 7 | 1 7 2 Penetration Max . | . . . Secondary Targets . | . . . Shots Hit Robots 58 | 4 45 9 Core Hits 25 | 1 20 4 Critical Kills . | . . . Critical Parts Destroyed . | . . . Critical Strikes . | . . . Melee Attacks . | . . . Impact . | . . . Slashing . | . . . Piercing . | . . . Sneak Attacks . | . . . Combat Hostiles . | . . . Follow-up Attacks . | . . . Damage Inflicted 759 | 48 602 109 Guns 759 | 48 602 109 Cannons . | . . . Explosions . | . . . Melee . | . . . Ramming . | . . . Kinetic 759 | 48 602 109 Thermal . | . . . Explosive . | . . . Electromagnetic . | . . . Impact . | . . . Slashing . | . . . Piercing . | . . . Highest Corruption 9 | . 5 9 Average Corruption 5 | . 4 5 Corruption Purged . | . . . Corruption Blocked . | . . . Effects 17 | . 9 8 Message Errors 5 | . 4 1 Matter Fused 4 | . 1 3 Energy Discharges 1 | . 1 . Parts Rejected 1 | . . 1 Data Loss (minor) 2 | . 2 . Data Loss (major) 3 | . . 3 Misfires 1 | . 1 . Overload Shots . | . . . Overflow Damage . | . . . Projectiles . | . . . Explosions . | . . . Melee . | . . . Knockbacks . | . . . Impact . | . . . Kinetic . | . . . Secondary . | . . . Self-Inflicted Damage . | . . . Shots . | . . . Rammed . | . . . Targets Rammed . | . . . Kicked . | . . . Crushed . | . . . Highest Temperature 16 | . 3 16 Average Temperature 4 | . 2 9 Received Heat Transfer 266 | . 66 200 Siege Activations . | . . . Robots Corrupted . | . . . Combat Hostiles . | . . . Parts Fried . | . . . Impact Corruptions . | . . . Robots Melted . | . . . Combat Hostiles . | . . . Parts Melted . | . . . Heat Transferred . | . . . Parts Sabotaged . | . . . Parts Stolen . | . . . Parts Stripped . | . . . Power Chain Reactions . | . . . Alert | -11 -10 -10 ------- Run | Yrd Mat Min Peak Influence 219 | 5 219 70 Initial 3 | . 3 . Average 70 | . 87 41 Maximum Alert Level 1 | . 1 . Low Security (%) 83 | 100 76 100 Level 1 16 | . 23 . Level 2 . | . . . Level 3 . | . . . Level 4 . | . . . Level 5 . | . . . High Security . | . . . Max Security . | . . . Squads Dispatched 1 | . 1 . Investigation . | . . . Extermination . | . . . Reinforcement 1 | . 1 . Assault . | . . . Garrison . | . . . Intercept . | . . . Searches Triggered . | . . . Construction Impeded . | . . . Haulers Reinforced . | . . . Active Scanning Responses . | . . . Cargo Convoy Interrupts . | . . . Stealth | -11 -10 -10 --------- Run | Yrd Mat Min Distress Signals . | . . . Communications Jammed . | . . . Distress Signals . | . . . Times Spotted 33 | . 15 18 Peak Tracking Total 12 | . 4 12 Tactical Retreats . | . . . Traps | -11 -10 -10 ------- Run | Yrd Mat Min Traps Triggered 4 | . 4 . Indirectly . | . . . Trap Hack Attempts . | . . . Triggered . | . . . Disarmed . | . . . Reprogrammed . | . . . Reused . | . . . Traps Extracted . | . . . Installed . | . . . Triggered . | . . . Machines | -11 -10 -10 ---------- Run | Yrd Mat Min Machines Disabled . | . . . Max in Single Turn . | . . . Machines Repaired . | . . . Machines Dismantled . | . . . Machines Sabotaged . | . . . Overloaded Fab Kills . | . . . Hacking | -11 -10 -10 --------- Run | Yrd Mat Min Machines Accessed 7 | . 7 . Terminals 5 | . 5 . Fabricators . | . . . Repair Stations 1 | . 1 . Recycling Units 1 | . 1 . Scanalyzers . | . . . Garrison Access . | . . . Total Hacks 14 | . 14 . Successful 5 | . 5 . Failed 9 | . 9 . Catastrophic 1 | . 1 . Database Lockouts . | . . . Manual 8 | . 8 . Terminals 8 | . 8 . Fabricators . | . . . Repair Stations 3 | . 3 . Recycling Units 3 | . 3 . Scanalyzers . | . . . Garrison Access . | . . . Terminal Hacks 2 | . 2 . Registered Components 1 | . 1 . Zone Layout 1 | . 1 . Fabricator Hacks . | . . . Repair Station Hacks 2 | . 2 . Scan Component 1 | . 1 . Repair 1 | . 1 . Recycling Unit Hacks . | . . . Scanalyzer . | . . . Garrison Access Hacks . | . . . Unauthorized Hacks 1 | . 1 . Terminals 1 | . 1 . Operators 1 | . 1 . Fabricators . | . . . Repair Stations . | . . . Recycling Units . | . . . Scanalyzers . | . . . Garrison Access . | . . . Data Cores Recovered . | . . . Used . | . . . Hacking Detections 6 | . 6 . Full Trace Events 1 | . 1 . Feedback Events . | . . . Feedback Blocked . | . . . Robot Schematics Acquired . | . . . Robots Built . | . . . Authchips . | . . . Time . | . . . Total Robot Build Rating . | . . . Part Schematics Acquired . | . . . Parts Built . | . . . Authchips . | . . . Time . | . . . Total Part Build Rating . | . . . Parts Repaired 1 | . 1 . Time 26 | . 26 . Parts Recycled . | . . . Recycled Matter . | . . . Retrieved Matter . | . . . Retrieved Components . | . . . Parts Scanalyzed . | . . . Part Schematics Acquired . | . . . Parts Damaged . | . . . Bothacking | -11 -10 -10 ------------ Run | Yrd Mat Min Used RIF Installer . | . . . Robots Hacked . | . . . Non-combat . | . . . Combat . | . . . Robot Hacks Applied . | . . . Relay Couplers Released . | . . . Fabnet Peak Effective % . | . . . Robots Rewired . | . . . Allies Hacked . | . . . Hacks Repelled . | . . . Allies | -11 -10 -10 -------- Run | Yrd Mat Min Total Allies . | . . . Largest Group . | . . . Highest-Rated Group . | . . . Highest-Rated Ally . | . . . Total Orders . | . . . Ally Attacks . | . . . Total Damage . | . . . Kills . | . . . Allies Corrupted . | . . . Allies Melted . | . . . Intel | -11 -10 -10 ------- Run | Yrd Mat Min Robot Analysis Total . | . . . Derelict Logs Recovered 1 | . . 1 Drone Launches . | . . . Drone Recoveries . | . . . Exploration | -11 -10 -10 ------------- Run | Yrd Mat Min Turns Passed 1247 | 91 876 280 Spaces Moved 604 | 47 410 147 Core 20 | 10 . 10 Treads 584 | 37 410 137 Legs . | . . . Wheels . | . . . Hover . | . . . Flight . | . . . Fastest Speed 50 | 50 160 50 Average Speed 157 | 149 160 152 Slowest Speed 160 | 160 160 160 Overloaded Moves . | . . . Propulsion Burnouts . | . . . Robots Hopped . | . . . Cave-ins Triggered . | . . . Exploration Rate (%) 41 | 4 79 40 Regions Visited 2 Branch Regions 1 Pre-discovered Areas . | . . . Known Exits Taken . | . . . Unknown Exits Taken 2 | 1 1 . Scrap Searched . | . . . Spaces Dug . | . . . Terrain Destroyed . | . . . Melee . | . . . Projectile . | . . . AOE . | . . . Terrain Rammed . | . . . Walls Destroyed . | . . . Machines Disabled . | . . . Actions | -11 -10 -10 --------- Run | Yrd Mat Min Total 787 | 58 544 185 Wait 75 | . 64 11 Move 602 | 46 409 147 Hop . | . . . Pick Up 13 | 1 7 5 Fast Attach 13 | 7 3 3 Attach 1 | . . 1 Detach . | . . . Swap 9 | 1 8 . Drop 18 | . 10 8 Fire 56 | 3 43 10 Melee . | . . . Ram . | . . . Kick . | . . . Crush . | . . . Escape Stasis . | . . . Rewire . | . . . Trap . | . . . Miscellaneous . | . . . Route ------- -11/Scrapyard -10/Materials (discovered 4 exits: [*Mat x3] / [*Min]) -10/Mines History --------- Turn | Location | Event 19 | -11/Scrapyard | Discovered new exit (range 15) 92 | -11/Scrapyard | Entered Materials 314 | -10/Materials | Build established: Mutant 400 | -10/Materials | Discovered new exit (range 14) 583 | -10/Materials | Discovered new exit (range 3) 813 | -10/Materials | Discovered new exit (range 9) 893 | -10/Materials | Discovered new exit (range 6) 940 | -10/Materials | Repaired Assault Rifle 968 | -10/Materials | Entered Mines 1191 | -10/Mines | Assembled infested the area 1191 | -10/Mines | Learned Materials stockpile data 1196 | -10/Mines | Assisted by a Guerilla fighting off Assembled 1235 | -10/Mines | Core integrity fell below 50% 1244 | -10/Mines | Core integrity fell below 20% 1248 | -10/Mines | Destroyed by as-05106 with Assembled Rifle Last Messages --------------- 01238_ U-05 Engineer lays Concrete. 01238_ Structural Scanner destroyed. 01238_ Dropped Lgt. Assault Rifle. 01238_ Acquired Bore Cannon. 01239_ U-05 Engineer lays Concrete. 01239_ K-01 Serf collects debris. 01239_ Assault Rifle destroyed. 01239_ as-03468 destroyed. 01240_ U-05 Engineer lays Concrete. 01241_ Acquired Flexi-carbon Leg. 01241_ U-05 Engineer lays Concrete. 01241_ Knocked back. 01241_ K-01 Serf collects debris. 01242_ Lgt. Armor Plating destroyed. 01242_ U-05 Engineer lays Concrete. 01243_ Acquired Launcher Guidance Computer. 01243_ U-05 Engineer builds a Wall. 01244_ as-88403 destroyed. 01245_ U-05 Engineer builds a Wall. 01245_ Acquired Cmb. Airjet. Map ----- +----------------------------------------------------+ | ??????????????? #### #### ###### | | ??????????????? ##### ###########? | | ??????????????? #### ##### ###########? | | ????????????????????? ##### #### ### ##? | | ????????????????????????##### ### ### ##? | | ?????????????????????????##### ## ### ##? | | ???????????????????????????### ## ### ##? | | ???????????????????????????## ## ##? | | ???????????????????????????## ##### ##? | | ???????????????????????###### ############? | | ?????????????????## ######### ############? | | ?????????????????## ##### ###??????????? | | ?????????????????## #####??????????? | | ?????????????????## ##### ## #####???????????? | | ?????????????????## ##### ## ###?????????????? | | ????????????????????### ### ###??????????????? | | ????????????????????## #######??????????????? | | ????????????????????## k #####???????????????? | | ??????????????????? ## ####???????????????? | | ?????????????????##### ###???????????????? | | ??????????????####### ##???????????????? | | ??????????? #### ##???????????????? | | ??????????? u ##???????????????? | | ?????????? ###???????????????? | | ?????????? ####???????????????? | | ????????????### %@ ########???????????? | | ????????????#### k % a ########??????????? | | ?????????????### % ####?????????? | | ?????????????## !% ####????????? | | ????????????# ! %a ###????????? | | ???????????? [!aaa% a ##????????? | | ???????????? !a* a ##????????? | | ????????????# ![ ##????????? | | ????????????? u a ########??? | | ????????????? # a #########?? | | ?????????????? ##### ## # a ##### ####? | | ?????????????? ##############"% % #### | | ??????????????? #????########### """ ## | | ????????????????####???????######## """ ## | | ????????????????###????????## """ ## | | ???????????????????????????## ###### "# """ ### | | ???????????????????????????## ####### ### #### | | ????????????????????????????????##### #### ####? | | ????????????????????????????????## ##########?? | | ????????????????????????????????## #########??? | | ????????????????????????????????## ####?????????? | | ????????????????????????????????## ####?????????? | | ???????????????????????????????? ##???????????? | | ???????????????????????????? ##???????????? | | ????????????????????????????##########???????????? | +----------------------------------------------------+ Best States ------------- Heat Dissipation 25 Energy Generation 10 Energy Capacity 250 Matter Stores 300 Matter Capacity 300 Sight Range 16 Terrain Scan Range 16 Terrain Scan Density 10 Armor Coverage 150 Evasion (%) 40 Recoil Reduction 2 Item Schematics ----------------- None Robot Schematics ------------------ None Fabricated ------------ Nothing Alien Tech Used ----------------- None Achievements -------------- None Challenges ------------ None Game ------ Seed FlakExoskeletonSaw Manual? 0 Play Time 00:10:08 Cumulative 135.4 hours Start 2024.04.29 @ 12:03:22 End 2024.04.29 @ 12:11:18 Sessions 1 Manual Loads 0 Difficulty Rogue Special Mode None Game No. 141 Rogue 136 Adventurer 5 Explorer 0 Win Type - Total 3 Types 2/0/0/1/0/0/0/0/0 Lore% 52 Gallery% 68 Achievement% 50 Wizard Run 0 Options --------- Layout 1 ASCII 0 Keyboard 0 Movement Mouse Keybinds 0 Fullscreen 1 Font 24/Terminus Map View 50x35 Zoom Use 0% Tactical HUD 1 Map Filters NONE Filters NONE Steam 1 RUN: 62c78800-1bc3-4bd0-b3b4-f1389237171f